 Dungeon Crawl Stone Soup version 0.30-b1-2-g02819fbbbe (webtiles) character file.

Game seed: 6655256392837455429

223 Dirian the Slasher (level 5, -1/47 HPs)
             Began as a Minotaur Fighter on May 8, 2023.
             Was a Believer of Zin.
             Slain by Natasha (4 damage)
             ... on level 3 of the Dungeon.
             The game lasted 00:05:49 (2040 turns).

Dirian the Slasher (Minotaur Fighter)               Turns: 2040, Time: 00:05:50

Health: -1/47      AC:  0    Str: 23    XL:     5   Next: 66%
Magic:  4/4        EV: 13    Int:  5    God:    Zin [**....]
Gold:   192        SH:  0    Dex:  9    Spells: 4/4 levels left

rFire   . . .        a - melded +0 long sword
rCold   . . .        c - melded +0 buckler
rNeg    . . .        e - melded +0 scale mail
rPois   .            (helmet currently unavailable)
rElec   .            k - melded +0 cloak
rCorr   .            g - melded +0 pair of gloves
SInv    .            (boots currently unavailable)
Will    .....        (no amulet)
Stlth   +            v - melded +4 ring of slaying
HPRegen 0.27/turn    (ring currently unavailable)
MPRegen 0.09/turn

%: no passive effects
@: pig-form (expiring), on recite cooldown, flying, very quick
A: fast, no casting, small, (horns 2), (retaliatory headbutt)
a: Renounce Religion, Recite, Vitalisation, Donate Gold


You were on level 3 of the Dungeon.
You worshipped Zin.
Zin was pleased with you.
You were a filthy swine.
You visited 1 branch of the dungeon, and saw 3 of its levels.

You collected 213 gold pieces.
You donated 21 gold pieces to Zin.

Inventory:

Hand Weapons
 a - a +0 long sword (melded)
 b - a +0 sling
Armour
 c - a +0 buckler (melded)
 e - a +0 scale mail (melded)
 f - a +0 plate armour
 g - a +0 pair of gloves (melded)
 k - a +0 cloak (melded)
Jewellery
 v - a +4 ring of slaying (melded)
Scrolls
 h - 3 scrolls of teleportation {unknown}
 i - a scroll of fog {unknown}
 j - 4 scrolls of identify {unknown}
 m - a scroll of fear {unknown}
 n - 3 scrolls of magic mapping {unknown}
 q - a scroll of torment {unknown}
 s - 4 scrolls of noise {unknown}
 u - a scroll of vulnerability {unknown}
Potions
 l - a potion of flight
 o - a potion of resistance {unknown}
 p - 2 potions of brilliance {unknown}
 r - 2 potions of curing {unknown}
 t - a potion of lignification {unknown}
 w - a potion of heal wounds {unknown}


   Skills:
 + Level 4.7 Fighting
 * Level 5.2 Long Blades
 + Level 1.2 Ranged Weapons
 + Level 4.5 Armour
 + Level 4.2 Shields
 + Level 0.1 Invocations


You had 4 spell levels left.
You didn't know any spells.
Your spell library contained the following spells:

 Spells                   Type           Power      Damage    Failure   Level
 Apportation              Tloc           0%         N/A       47%         1
 Necrotise                Necr           0%         1d4       47%         1
 Summon Small Mammal      Summ           0%         N/A       47%         1


Dungeon Overview and Level Annotations

Branches:
Dungeon (3/15) Zot: 15890

Altars:
Fedhas
Hepliaklqana
Kikubaaqudgha
Makhleb
Okawaru
Vehumet
Zin

Annotations:
D:3 Natasha


Innate Abilities, Weirdness & Mutations

You are a filthy swine.
You move quickly.
Your equipment is almost entirely melded.
You are incapable of wielding weapons or throwing items.
You cannot cast spells.
((You have a pair of horns on your head.))
((You reflexively headbutt those who attack you in melee.))


Message History

The cerulean imp closely misses you.
You barely miss Natasha. Natasha barely misses you.
You barely miss Natasha.
The cerulean imp hits you from afar with a +2 spear!
Natasha closely misses you.
You miss Natasha.
The cerulean imp hits you from afar with a +2 spear.
Natasha misses you.
You barely miss Natasha.
Your transformation is almost over.
The cerulean imp closely misses you.
You barely miss Natasha. Natasha claws you!
The cerulean imp hits you from afar with a +2 spear.
You miss Natasha. Natasha claws you.
The cerulean imp hits you from afar with a +2 spear.
* * * LOW HITPOINT WARNING * * *
You closely miss Natasha. Natasha barely misses you.
The cerulean imp hits you from afar with a +2 spear.
* * * LOW HITPOINT WARNING * * *
You completely miss Natasha. Natasha claws you.
* * * LOW HITPOINT WARNING * * *
The cerulean imp hits you from afar with a +2 spear.
* * * LOW HITPOINT WARNING * * *
You closely miss Natasha. Natasha claws you.
* * * LOW HITPOINT WARNING * * *
The cerulean imp hits you from afar with a +2 spear.
* * * LOW HITPOINT WARNING * * *
You barely miss Natasha.
Natasha extends her claws.
Natasha barely misses you.
The cerulean imp hits you from afar with a +2 spear.
* * * LOW HITPOINT WARNING * * *
You hit Natasha but do no damage.
Natasha mumbles some strange words.
The cerulean imp misses you.
Okay, then.
It was a potion of flight.
You feel very buoyant.
You fly up into the air.
Natasha claws you.
You die...

###.......'........'.........>...
.....######........###.#..###.###
######## #........###.#..###.###
#.## #<###########...............
...# #.#...## #.###.#...##.###
...###......# #.#.#.#...##.##
.#..####....# #.............#
###.## ####.######.#.#.#...##..#
# #..####.......hh.....#...##..#
# ##............5....###...##..##
#.....#.......5...............
########.#.##.##...........##..##
......#.......##.................
..######.#.##.##.......#..###..##
..######.#.##.##.....#....###..##
..........=......................
.#######.#.##.####...####.##...##


You could see Natasha and 2 cerulean imps.

Vanquished Creatures
  A scorpion (D:3)
  Natasha (twice) (D:3)
  Robin (D:3)
  2 adders (D:2)
  3 dart slugs
  9 endoplasms
  5 giant cockroaches
  10 goblins
  10 hobgoblins
  3 jackals (D:1)
  3 quokkas
  11 ball pythons
  3 bats
  3 frilled lizards
  6 kobolds (D:2)
  6 rats
  A rat zombie (D:3)
79 creatures vanquished.

Vanquished Creatures (others)
  5 fungi (D:3)
  2 plants (D:2)
7 creatures vanquished.

Grand Total: 86 creatures vanquished

Notes
Turn   | Place    | Note
-------+----------+-------------------------------------------
     0 | D:1      | Dirian the Minotaur Fighter began the quest for the Orb.
     0 | D:1      | Reached XP level 1. HP: 19/19 MP: 0/0
    81 | D:1      | Reached XP level 2. HP: 27/27 MP: 1/1
   521 | D:2      | Reached XP level 3. HP: 33/33 MP: 2/2
   642 | D:2      | Reached skill level 1 in Ranged Weapons
   655 | D:2      | Reached skill level 3 in Long Blades
   679 | D:2      | Reached XP level 4. HP: 40/41 MP: 3/3
   946 | D:2      | Found a burning altar of Makhleb.
  1149 | D:3      | Found a glowing silver altar of Zin.
  1175 | D:3      | Found a blossoming altar of Fedhas.
  1224 | D:3      | Noticed a scorpion
  1241 | D:3      | Killed a scorpion
  1242 | D:3      | Reached skill level 4 in Long Blades
  1242 | D:3      | Reached XP level 5. HP: 38/47 MP: 4/4
  1250 | D:3      | Became a worshipper of Zin the Law-Giver
  1250 | D:3      | Reached * piety under Zin
  1384 | D:3      | Found an ancient bone altar of Kikubaaqudgha.
  1434 | D:3      | Found a radiant altar of Vehumet.
  1459 | D:3      | Found a hazy altar of Hepliaklqana.
  1466 | D:3      | Found an iron altar of Okawaru.
  1543 | D:3      | Reached ** piety under Zin
  1544 | D:3      | Noticed Natasha
  1552 | D:3      | Killed Natasha
  1667 | D:3      | Noticed Robin
  1686 | D:3      | Killed Robin
  1785 | D:3      | Noticed Natasha
  1797 | D:3      | Killed Natasha
  1798 | D:3      | Reached skill level 5 in Long Blades
  2018 | D:3      | Noticed Natasha
  2038 | D:3      | HP: 2/47 [cerulean imp/+2 spear[Natasha] (4)]
  2040 | D:3      | Slain by Natasha

Illustrated notes

Levels and vault maps discovered:
D:1:      dpeg_arrival_more_subterranean_lakeside_camping, layout_rooms
D:2:      layout_rooms, serial_bayou, serial_bayou_pond_a, serial_bayou_pond_d,
          serial_bayou_pond_a, serial_bayou_pond_d, basic_altar,
          minmay_fractal_squares_5
D:3:      layout_basic, overflow_temple_1_default,
          mainiacjoe_overflow_cross_hatched,
          chequers_temple_overflow_statue_of_worship,
          lemuel_zombie_altar_kikubaaqudgha, lemuel_tele_altar, serial_curves,
          eino_curves_04, eino_curves_02, eino_curves_03,
          minmay_tree_intersection, uniq_natasha, uniq_robin

Skill      XL: |  1  2  3  4  5 |
---------------+----------------+-----
Shields        | 4 |  4.2
Armour         | 4 |  4.5
Fighting       | 4 |  4.7
Ranged Weapons | 1 |  1.2
Long Blades    | 3 4 5 |  5.2
Invocations    | |  0.1

Action                     |  1- 3 |  4- 6 || total
---------------------------+-------+-------++-------
  Melee: Long sword        |    78 |    65 ||   143
         Headbutt          |    11 |     8 ||    19
         Unarmed           |       |    16 ||    16
   Fire: Sling             |    25 |       ||    25
 Invoke: Recite            |       |     4 ||     4
    Use: Potion            |       |     2 ||     2
 Armour: Scale mail        |    60 |    31 ||    91
  Dodge: Dodged            |    52 |    43 ||    95
  Block: Buckler           |    22 |    12 ||    34
